BSA
SAN FRANCISCO BANDITS @ EL DORADO OILERS
09/09/2030
 
TOP OF THE 1ST
San Francisco Bandits batting - Pitching for El Dorado Oilers : RHP Flávio De Brito
Pitching: RHP Flávio De Brito
Batting: RHB Scott Merritt 0-0: Ball
1-0: Ground out 6-3 (Groundball, 6M)
Batting: RHB Peter Bishop 0-0: Ball
1-0: Called Strike
1-1: SINGLE (Groundball, 23) (infield hit)
Batting: LHB Chris Austin 0-0: Ball
Peter Bishop steals 2nd base
1-0: Ball
2-0: Called Strike
2-1: Swinging Strike
2-2: Strikes out looking
Batting: RHB Owen Carter 0-0: 2-RUN HOME RUN (Flyball, 78XD), Distance : 392 ft
Batting: LHB Mario García 0-0: Ball
1-0: Ball
2-0: Foul Ball, location: 2F
2-1: Called Strike
2-2: Foul Ball, location: 2F
2-2: Foul Ball, location: 2F
2-2: SINGLE (Line Drive, 4M)
Batting: RHB Michael Elliott 0-0: Called Strike
0-1: Ball
1-1: Foul Ball, location: 2F
1-2: Strikes out swinging
Top of the 1st over - 2 runs, 3 hits, 0 errors, 1 left on base; San Francisco 2 - El Dorado 0
BOTTOM OF THE 1ST
El Dorado Oilers batting - Pitching for San Francisco Bandits : LHP Manuel Rodríguez
Pitching: LHP Manuel Rodríguez
Batting: RHB Nick Webb 0-0: Swinging Strike
0-1: Foul Ball, location: 2F
0-2: Ground out 5-3 (Groundball, 56)
Batting: RHB José Carlos Caraballo 0-0: Called Strike
0-1: Ball
1-1: SINGLE (Line Drive, 9LS)
Batting: RHB Ernesto Acosta 0-0: Ball
1-0: Called Strike
1-1: Ball
2-1: Foul Ball, location: 2F
2-2: Fly out, F8 (Flyball, 8LD)
Batting: RHB Sixto Vélez 0-0: Ball
1-0: Ball
2-0: Ball
3-0: Base on Balls
José Carlos Caraballo to second
Batting: RHB Bob Johnson 0-0: Ground out 1-3 (Groundball, 15S)
Bottom of the 1st over - 0 runs, 1 hit, 0 errors, 2 left on base; San Francisco 2 - El Dorado 0
TOP OF THE 2ND
San Francisco Bandits batting - Pitching for El Dorado Oilers : RHP Flávio De Brito
Batting: LHB Alan McGilroy 0-0: Called Strike
0-1: Fly out, F7 (Flyball, 7)
Batting: RHB Javier Ramírez 0-0: Fly out, F3 (Popup, 3SF)
Batting: RHB Lorenzo Mota 0-0: Called Strike
0-1: Called Strike
0-2: Ball
1-2: Strikes out swinging
Top of the 2nd over - 0 runs, 0 hits, 0 errors, 0 left on base; San Francisco 2 - El Dorado 0
BOTTOM OF THE 2ND
El Dorado Oilers batting - Pitching for San Francisco Bandits : LHP Manuel Rodríguez
Batting: LHB Ashley Pickhills 0-0: Ball
1-0: Ball
2-0: SINGLE (Groundball, 4MD)
Batting: RHB Vicente Carona 0-0: Ball
1-0: Grounds into double play, 5-4-3 (Groundball, 56)
Batting: LHB Mathew Clayton 0-0: Ball
1-0: Foul Ball, location: 2F
1-1: Ball
2-1: Ground out 5-3 (Groundball, 5)
Bottom of the 2nd over - 0 runs, 1 hit, 0 errors, 0 left on base; San Francisco 2 - El Dorado 0
TOP OF THE 3RD
San Francisco Bandits batting - Pitching for El Dorado Oilers : RHP Flávio De Brito
Batting: RHB Scott Merritt 0-0: Ball
1-0: Ball
2-0: Ball
3-0: Called Strike
3-1: DOUBLE (Line Drive, 7LM)
Batting: RHB Peter Bishop 0-0: Foul Ball, location: 2F
0-1: Fly out, F7 (Line Drive, 7)
Batting: LHB Chris Austin 0-0: Swinging Strike
0-1: Ball
1-1: Swinging Strike
1-2: Foul Ball, location: 2F
1-2: Foul Ball, location: 2F
1-2: Fly out, F7 (Flyball, 78M)
Batting: RHB Owen Carter 0-0: Called Strike
0-1: Ball
1-1: Ball
2-1: Foul Ball, location: 2F
2-2: Foul Ball, location: 2F
2-2: Ball
3-2: Fly out, F7 (Flyball, 78M)
Top of the 3rd over - 0 runs, 1 hit, 0 errors, 1 left on base; San Francisco 2 - El Dorado 0
BOTTOM OF THE 3RD
El Dorado Oilers batting - Pitching for San Francisco Bandits : LHP Manuel Rodríguez
Batting: SHB Orlando Aguilar 0-0: Swinging Strike
0-1: Foul Ball, location: 2F
0-2: Ball
1-2: Foul Ball, location: 2F
1-2: Strikes out looking
Batting: RHB Nick Webb 0-0: Fly out, F8 (Flyball, 8RM)
Batting: RHB José Carlos Caraballo 0-0: Ball
1-0: Called Strike
1-1: Ball
2-1: Ball
3-1: Foul Ball, location: 2F
3-2: Foul Ball, location: 2F
3-2: Ground out U3 (Groundball, 3S)
Bottom of the 3rd over - 0 runs, 0 hits, 0 errors, 0 left on base; San Francisco 2 - El Dorado 0
TOP OF THE 4TH
San Francisco Bandits batting - Pitching for El Dorado Oilers : RHP Flávio De Brito
Batting: LHB Mario García 0-0: Fly out, F7 (Flyball, 7)
Batting: RHB Michael Elliott 0-0: Foul Ball, location: 2F
0-1: Ball
1-1: Swinging Strike
1-2: Ball
2-2: SOLO HOME RUN (Flyball, 7LD), Distance : 371 ft
Batting: LHB Alan McGilroy 0-0: Foul Ball, location: 2F
0-1: Fly out, F7 (Flyball, 7LD)
Batting: RHB Javier Ramírez 0-0: Ball
1-0: Foul Ball, location: 2F
1-1: Ball
2-1: Ball
3-1: Base on Balls
Batting: RHB Lorenzo Mota 0-0: Ball
1-0: Ball
2-0: Ball
3-0: Called Strike
3-1: SINGLE (Line Drive, 89S)
Javier Ramírez to second
Runner from 2nd tries for 3rd, SAFE, no throw
Batting: RHB Scott Merritt 0-0: Ball
1-0: Ground out 4-3 (Groundball, 4S)
Top of the 4th over - 1 run, 2 hits, 0 errors, 2 left on base; San Francisco 3 - El Dorado 0
BOTTOM OF THE 4TH
El Dorado Oilers batting - Pitching for San Francisco Bandits : LHP Manuel Rodríguez
Batting: RHB Ernesto Acosta 0-0: Called Strike
0-1: Ball
1-1: Ball
2-1: Foul Ball, location: 2F
2-2: Fly out, F7 (Flyball, 7D)
Batting: RHB Sixto Vélez 0-0: Called Strike
0-1: Swinging Strike
0-2: Foul Ball, location: 2F
0-2: Fly out, F7 (Line Drive, 7)
Batting: RHB Bob Johnson 0-0: Ball
1-0: Called Strike
1-1: Fly out, F8 (Flyball, 8RXD)
Bottom of the 4th over - 0 runs, 0 hits, 0 errors, 0 left on base; San Francisco 3 - El Dorado 0
TOP OF THE 5TH
San Francisco Bandits batting - Pitching for El Dorado Oilers : RHP Flávio De Brito
Batting: RHB Peter Bishop 0-0: Called Strike
0-1: Ball
1-1: Called Strike
1-2: Strikes out swinging
Batting: LHB Chris Austin 0-0: Foul Ball, location: 2F
0-1: Ball
1-1: SINGLE (Line Drive, 3D)
Batting: RHB Owen Carter 0-0: Foul Ball, location: 2F
Pickoff Throw to First - Out!
0-1: Ball
1-1: Ball
2-1: Ball
3-1: Called Strike
3-2: Foul Ball, location: 2F
3-2: Base on Balls
Batting: LHB Mario García 0-0: Ground out 4-3 (Groundball, 4)
Top of the 5th over - 0 runs, 1 hit, 0 errors, 1 left on base; San Francisco 3 - El Dorado 0
BOTTOM OF THE 5TH
El Dorado Oilers batting - Pitching for San Francisco Bandits : LHP Manuel Rodríguez
Batting: LHB Ashley Pickhills 0-0: Called Strike
0-1: Fly out, F8 (Line Drive, 8RD)
Batting: RHB Vicente Carona 0-0: SINGLE (Line Drive, 7S)
Batting: LHB Mathew Clayton 0-0: Ball
1-0: Called Strike
1-1: Ball
2-1: Called Strike
2-2: Grounds into double play, 5-4-3 (Groundball, 5)
Bottom of the 5th over - 0 runs, 1 hit, 0 errors, 0 left on base; San Francisco 3 - El Dorado 0
TOP OF THE 6TH
San Francisco Bandits batting - Pitching for El Dorado Oilers : RHP Flávio De Brito
Batting: RHB Michael Elliott 0-0: Called Strike
0-1: Foul Ball, location: 2F
0-2: Foul Ball, location: 2F
0-2: Ball
1-2: Foul Ball, location: 2F
1-2: Foul Ball, location: 2F
1-2: Fly out, F9 (Line Drive, 9D)
Batting: LHB Alan McGilroy 0-0: Ball
1-0: Ball
2-0: Ground out 3-1 (Groundball, 34)
Batting: RHB Javier Ramírez 0-0: Ball
1-0: Ball
2-0: Called Strike
2-1: Foul Ball, location: 2F
2-2: Foul Ball, location: 2F
2-2: SINGLE (Line Drive, 89M)
Batting: RHB Lorenzo Mota 0-0: Ball
Javier Ramírez steals 2nd base
1-0: Fly out, F7 (Line Drive, 78D)
Top of the 6th over - 0 runs, 1 hit, 0 errors, 1 left on base; San Francisco 3 - El Dorado 0
BOTTOM OF THE 6TH
El Dorado Oilers batting - Pitching for San Francisco Bandits : LHP Manuel Rodríguez
Batting: SHB Orlando Aguilar 0-0: Ball
1-0: Called Strike
1-1: Ball
2-1: Ball
3-1: Swinging Strike
3-2: Foul Ball, location: 2F
3-2: Fly out, F7 (Flyball, 7S)
Batting: RHB Nick Webb 0-0: Ball
1-0: Swinging Strike
1-1: Ground out 4-3 (Groundball, 4)
Batting: RHB José Carlos Caraballo 0-0: Reached on error, E1 (Groundball, 13)
Batting: RHB Ernesto Acosta 0-0: Ball
1-0: SINGLE (Flyball, 9S)
José Carlos Caraballo to second
Runner from 2nd tries for 3rd, SAFE, no throw
Batting: RHB Sixto Vélez 0-0: Hit by Pitch
Ernesto Acosta to second
Batting: RHB Bob Johnson 0-0: Swinging Strike
0-1: Foul Ball, location: 2F
0-2: Ball
1-2: Strikes out swinging
Bottom of the 6th over - 0 runs, 1 hit, 1 error, 3 left on base; San Francisco 3 - El Dorado 0
TOP OF THE 7TH
San Francisco Bandits batting - Pitching for El Dorado Oilers : RHP Flávio De Brito
Batting: RHB Scott Merritt 0-0: Foul Ball, location: 2F
0-1: Ball
1-1: Ball
2-1: Foul Ball, location: 2F
2-2: Foul Ball, location: 2F
2-2: SINGLE (Line Drive, 7S)
Batting: RHB Peter Bishop 0-0: Called Strike
0-1: Bunted foul
0-2: Reached on error, E5 (Groundball, 56S)
Scott Merritt to third
Batting: LHB Chris Austin 0-0: Ball
1-0: Swinging Strike
1-1: Foul Ball, location: 2F
1-2: Ball
2-2: Ball
3-2: Base on Balls
Pitching: LHP Artie Nelson
Batting: RHB Owen Carter 0-0: Called Strike
0-1: Foul Ball, location: 2F
0-2: Ball
1-2: Ball
2-2: Strikes out looking
Batting: LHB Mario García 0-0: Called Strike
0-1: Fly out, F8 (Flyball, 89M)
Runner from 3rd tags up, SCORES, throw made
Batting: RHB Michael Elliott 0-0: Called Strike
0-1: Ball
1-1: SINGLE (Groundball, 6) (infield hit)
Peter Bishop to third
Chris Austin to second
Batting: LHB Alan McGilroy 0-0: Called Strike
0-1: Ball
1-1: Foul Ball, location: 2F
1-2: Ball
2-2: Foul Ball, location: 2F
2-2: Foul Ball, location: 2F
2-2: Foul Ball, location: 2F
2-2: Ball
3-2: SINGLE (Groundball, 34D)
Peter Bishop scores
Chris Austin to third
Michael Elliott to second
Chris Austin scores
Michael Elliott to third
Batting: RHB Javier Ramírez 0-0: Foul Ball, location: 2F
0-1: Ball
1-1: Swinging Strike
1-2: Ball
2-2: Ball
3-2: Strikes out swinging
Top of the 7th over - 3 runs, 3 hits, 1 error, 2 left on base; San Francisco 6 - El Dorado 0
BOTTOM OF THE 7TH
El Dorado Oilers batting - Pitching for San Francisco Bandits : LHP Manuel Rodríguez
Now at 2B: Terry Dailey
Batting: LHB Ashley Pickhills 0-0: Ball
1-0: Ball
2-0: Ball
3-0: Base on Balls
Batting: RHB Vicente Carona 0-0: Ball
1-0: Ball
2-0: Ball
3-0: Base on Balls
Ashley Pickhills to second
Batting: LHB Mathew Clayton 0-0: Ball
1-0: Swinging Strike
1-1: Ball
2-1: Foul Ball, location: 2F
2-2: Grounds into double play, 4-6-3 (Groundball, 4)
Ashley Pickhills to third
Batting: SHB Orlando Aguilar 0-0: Ball
1-0: Foul Ball, location: 2F
1-1: Ball
2-1: Called Strike
2-2: Ground out 5-3 (Groundball, 56)
Bottom of the 7th over - 0 runs, 0 hits, 0 errors, 1 left on base; San Francisco 6 - El Dorado 0
TOP OF THE 8TH
San Francisco Bandits batting - Pitching for El Dorado Oilers : LHP Artie Nelson
Batting: RHB Lorenzo Mota 0-0: Ground out 4-3 (Groundball, 4)
Batting: RHB Scott Merritt 0-0: Called Strike
0-1: Foul Ball, location: 2F
0-2: Ball
1-2: Strikes out swinging
Batting: RHB Peter Bishop 0-0: Foul Ball, location: 2F
0-1: Fly out, F7 (Line Drive, 7)
Top of the 8th over - 0 runs, 0 hits, 0 errors, 0 left on base; San Francisco 6 - El Dorado 0
BOTTOM OF THE 8TH
El Dorado Oilers batting - Pitching for San Francisco Bandits : LHP Manuel Rodríguez
Batting: RHB Nick Webb 0-0: Ball
1-0: Called Strike
1-1: Ball
2-1: Swinging Strike
2-2: Ground out 5-3 (Groundball, 56S)
Batting: RHB José Carlos Caraballo 0-0: Called Strike
0-1: Called Strike
0-2: Ball
1-2: Foul Ball, location: 2F
1-2: Strikes out swinging
Batting: RHB Ernesto Acosta 0-0: Called Strike
0-1: Foul Ball, location: 2F
0-2: Ball
1-2: Foul Ball, location: 2F
1-2: Foul Ball, location: 2F
1-2: Ball
2-2: Fly out, F8 (Flyball, 8LXD)
Bottom of the 8th over - 0 runs, 0 hits, 0 errors, 0 left on base; San Francisco 6 - El Dorado 0
TOP OF THE 9TH
San Francisco Bandits batting - Pitching for El Dorado Oilers : LHP Artie Nelson
Pitching: RHP Kuang-yin Yue
Batting: LHB Chris Austin 0-0: Called Strike
0-1: Called Strike
0-2: Strikes out looking
Batting: RHB Owen Carter 0-0: Ball
1-0: Swinging Strike
1-1: Ball
2-1: Fly out, F8 (Line Drive, 8LS)
Batting: LHB Mario García 0-0: Called Strike
0-1: Foul Ball, location: 2F
0-2: Ball
1-2: Strikes out swinging
Top of the 9th over - 0 runs, 0 hits, 0 errors, 0 left on base; San Francisco 6 - El Dorado 0
BOTTOM OF THE 9TH
El Dorado Oilers batting - Pitching for San Francisco Bandits : LHP Manuel Rodríguez
Batting: RHB Sixto Vélez 0-0: Ball
1-0: Ball
2-0: Foul Ball, location: 2F
2-1: Ball
3-1: Base on Balls
Pitching: RHP Brad Sharpe
Batting: RHB Bob Johnson 0-0: Called Strike
0-1: Ball
1-1: Called Strike
1-2: Ball
2-2: Foul Ball, location: 2F
2-2: SINGLE (Groundball, 34D)
Sixto Vélez to second
Batting: LHB Ashley Pickhills 0-0: Ball
1-0: Foul Ball, location: 2F
1-1: Ball
2-1: Fly out, F8 (Line Drive, 8RM)
Batting: RHB Vicente Carona 0-0: Called Strike
0-1: Foul Ball, location: 2F
0-2: Foul Ball, location: 2F
0-2: Ball
1-2: Ball
2-2: Ball
3-2: DOUBLE (Line Drive, 7LD)
Sixto Vélez scores
Bob Johnson to third
Batting: LHB Mathew Clayton 0-0: Ground out 4-3 (Groundball, 4)
Bob Johnson scores
Vicente Carona to third
Batting: SHB Orlando Aguilar 0-0: Ball
1-0: Swinging Strike
1-1: Foul Ball, location: 2F
1-2: Ground out U3 (Groundball, 34)
Bottom of the 9th over - 2 runs, 2 hits, 0 errors, 1 left on base; San Francisco 6 - El Dorado 2
Saturday, April 7th, 2018 - OOTP Baseball 18.8 Build 76